 Dungeon Crawl Stone Soup version 0.31-a0-841-g038b102fc3 (webtiles) character file.

Game seed: 615280395291003145

539617 Kurtz the Acrobat (level 26, -1/204 HPs)
             Began as an Octopode Fighter on Sept 27, 2023.
             Was a High Priest of Okawaru.
             Slain by a rockslime (46 damage)
             ... on level 4 of the Pits of Slime on Sept 28, 2023.
             The game lasted 02:57:38 (88267 turns).

Kurtz the Acrobat (Octopode Fighter)               Turns: 88267, Time: 02:57:39

Health: -1/204     AC:  3    Str: 25    XL:     26   Next: 49%
Magic:  31/31      EV: 26    Int: 16    God:    Okawaru [*****.]
Gold:   2855       SH: 27    Dex: 13    Spells: 15/36 levels left

rFire   + + +        a - +6 broad axe (elec)
rCold   + + +        R - +4 kite shield {AC+3}
rNeg    + + +        j - +3 hat of Qoovoel {rPois rF- rC++}
rPois   +            s - amulet of reflection
rElec   .            z - ring "Oluam" {rC+ rN+++ Dex-4 Slay+3 Stlth+}
rCorr   +            d - ring of see invisible
SInv    +            J - ring of Jungam {rCorr Int+4 Slay+2}
Will    ++...        f - ring "Malit" {+Blink Fly rF+ rC+}
Stlth   +++++++      y - ring of willpower
HPRegen 0.54/turn    b - ring of Tomorrow {+Blink Fly rF++}
MPRegen 0.22/turn    l - ring of protection from fire
                     P - ring "Legeme" {Drain rCorr Str+4 Dex+3 Stlth+}

%: reflection
@: heroic, corroded, flying, studying 3 skills
A: almost no armour, amphibious, 8 rings, camouflage 1, gelatinous body 1,
(nimble swimmer 1), tentacles, clumsy 1, cold resistance 1, passive freeze,
inability to drink after injury 1
}: 2/15 runes: serpentine, barnacled
a: Renounce Religion, Evoke Blink, Heroism, Finesse, Duel


You were on level 4 of the Pits of Slime.
You worshipped Okawaru.
Okawaru was extremely pleased with you.
You visited 10 branches of the dungeon, and saw 49 of its levels.
You visited 1 bazaar.
You also visited: Ice Cave and Desolation.

You collected 7025 gold pieces.
You spent 4170 gold pieces at shops.

Inventory:

Hand Weapons
 a - a +6 broad axe of electrocution (weapon)
 X - the +11 war axe "Q" {flame, *Corrode Will+ Int+3 Dex+4}
   (You found it on level 2 of the Lair of Beasts)

   Int+3:     It affects your intelligence (+3).
   Dex+4:     It affects your dexterity (+4).
   Will+:     It increases your willpower.
   *Corrode:  It may corrode you when you take damage.
Missiles
 k - 13 curare-tipped darts
 p - 10 silver javelins
 w - 23 javelins
 G - 47 poisoned darts (quivered)
 L - 5 throwing nets
Armour
 j - the +3 hat of Qoovoel (worn) {rPois rF- rC++}
   (You acquired it on level 3 of the Dungeon)

   rF-:       It makes you vulnerable to fire.
   rC++:      It greatly protects you from cold.
   rPois:     It protects you from poison
 K - a +0 tower shield
 R - a +4 kite shield of protection (worn)
 Y - the +0 hat of the Hurricane {Harm rN+ Will+ Slay+2}
   (Okawaru gifted it to you on level 2 of the Lair of Beasts)

   Slay+2:    It affects your accuracy & damage with ranged weapons and melee
   (+2).
   rN+:       It protects you from negative energy.
   Will+:     It increases your willpower.
   Harm:      It increases damage dealt and taken.
Jewellery
 b - the ring of Tomorrow (on tentacle) {+Blink Fly rF++}
   (You found it in the Desolation of Salt)

   [ring of flight]

   rF++:      It greatly protects you from fire.
   Fly:       It grants you flight.
   +Blink:    It lets you blink.
 d - a ring of see invisible (right tentacle)
 f - the ring "Malit" (on tentacle) {+Blink Fly rF+ rC+}
   (You found it in the Desolation of Salt)

   [ring of flight]

   rF+:       It protects you from fire.
   rC+:       It protects you from cold.
   Fly:       It grants you flight.
   +Blink:    It lets you blink.
 h - a ring of willpower
 l - a ring of protection from fire (on tentacle)
 m - the ring of Afiextaa {Fly rN+ Will++ rCorr Str-4}
   (You found it on level 4 of the Vaults)

   [ring of flight]

   Str-4:     It affects your strength (-4).
   rN+:       It protects you from negative energy.
   Will++:    It greatly increases your willpower.
   Fly:       It grants you flight.
   rCorr:     It protects you from acid and corrosion.
 r - a ring of protection from cold
 s - an amulet of reflection (around mantle)
 y - a ring of willpower (on tentacle)
 z - the ring "Oluam" (left tentacle) {rC+ rN+++ Dex-4 Slay+3 Stlth+}
   (You found it on level 15 of the Dungeon)

   [ring of protection from cold]

   Dex-4:     It affects your dexterity (-4).
   Slay+3:    It affects your accuracy & damage with ranged weapons and melee
   (+3).
   rC+:       It protects you from cold.
   rN+++:     It renders you almost immune to negative energy.
   Stlth+:    It makes you more stealthy.
 H - the ring "Pouthr Yneleph" {Contam +Blink rPois MP+9 Int+6}
   (You found it in the Desolation of Salt)

   [ring of intelligence]

   Int+6:     It affects your intelligence (+6).
   rPois:     It protects you from poison MP+9: It affects your magic capacity
   (+9).
   +Blink:    It lets you blink.
   Contam:    It causes magical contamination when unequipped.
 J - the ring of Jungam (on tentacle) {rCorr Int+4 Slay+2}
   (You bought it in a shop on level 3 of the Snake Pit)

   [ring of resist corrosion]

   Int+4:     It affects your intelligence (+4).
   Slay+2:    It affects your accuracy & damage with ranged weapons and melee
   (+2).
   rCorr:     It protects you from acid and corrosion.
 O - an amulet of regeneration
 P - the ring "Legeme" (on tentacle) {Drain rCorr Str+4 Dex+3 Stlth+}
   (You acquired it on level 14 of the Dungeon)

   [ring of resist corrosion]

   Str+4:     It affects your strength (+4).
   Dex+3:     It affects your dexterity (+3).
   rCorr:     It protects you from acid and corrosion.
   Drain:     It drains your maximum health when unequipped.
   Stlth+:    It makes you more stealthy.
Wands
 c - a wand of quicksilver (28)
 g - a wand of roots (38)
 t - a wand of digging (6)
 v - a wand of flame (96)
 N - a wand of mindburst (23)
Scrolls
 e - 25 scrolls of teleportation
 i - 11 scrolls of poison
 n - 5 scrolls of fog
 o - 6 scrolls of blinking
 q - 4 scrolls of revelation
 I - a scroll of amnesia
 Q - 2 scrolls of enchant armour
 V - 3 scrolls of summoning
 W - 4 scrolls of brand weapon
Potions
 u - a potion of cancellation
 x - 3 potions of resistance
 A - 6 potions of haste
 B - 4 potions of mutation
 C - 10 potions of brilliance
 D - 8 potions of enlightenment
 E - 2 potions of heal wounds
 F - a potion of ambrosia
 M - 9 potions of might
 S - 17 potions of curing
 T - 7 potions of lignification
 U - a potion of magic
 Z - 2 potions of berserk rage


   Skills:
 * Level 22.8(27) Fighting
 - Level 18.2(23.2) Axes
 * Level 25.7(27) Dodging
 * Level 4.3(9.3) Stealth
 * Level 23.9(27) Shields
 * Level 5.6 Spellcasting
 * Level 6.0 Translocations
 - Level 4.5 Transmutations
 * Level 3.6 Fire Magic
 - Level 6.0 Invocations


You had 15 spell levels left.
You knew the following spells:

 Your Spells              Type           Power      Damage    Failure   Level
a - Passage of Golubria   Tloc           23%        N/A       12%         4
b - Fire Storm            Conj/Fire      5%         8d1       100%        9
c - Borgnjor's Revivific  Necr           2%         N/A       100%        8

Your spell library contained the following spells:

 Spells                   Type           Power      Damage    Failure   Level
 Blink                    Tloc           46%        N/A       1%          2
 Lesser Beckoning         Tloc           46%        N/A       1%          2
 Gell's Gravitas          Tloc           23%        N/A       3%          3
 Teleport Other           Tloc           23%        N/A       3%          3
 Scorch                   Fire           32%        2d6       4%          2
 Momentum Strike          Conj/Tloc      28%        3d8       6%          2
 Foxfire                  Conj/Fire      40%        2x1d6     7%          1
 Passwall                 Tmut/Erth      9%         N/A       9%          2
 Manifold Assault         Tloc           23%        N/A       12%         4
 Kiss of Death            Conj/Necr      16%        2d6       14%         1
 Magic Dart               Conj           16%        1d3       14%         1
 Sandblast                Erth           8%         2d5       14%         1
 Shock                    Conj/Air       16%        1d4       14%         1
 Cigotuvi's Dreadful Rot  Necr/Pois/Air  8%         N/A       22%         2
 Ensorcelled Hibernation  Hex/Ice        8%         N/A       22%         2
 Jinxbite                 Hex            8%         N/A       22%         2
 Poisonous Vapours        Pois/Air       8%         N/A       22%         2
 Searing Ray              Conj           8%         2d4       22%         2
 Static Discharge         Conj/Air       8%         2-3/arc   22%         2
 Sublimation of Blood     Necr           4%         N/A       22%         2
 Frozen Ramparts          Ice            8%         1d2       38%         3
 Hailstorm                Conj/Ice       4%         3d4       38%         3
 Stone Arrow              Conj/Erth      8%         3d7       38%         3
 Swiftness                Air            4%         N/A       38%         3
 Petrify                  Tmut/Erth      11%        N/A       50%         4
 Flame Wave               Conj/Fire      10%        2d6       56%         4
 Airstrike                Air            2%         2d(1-17)  80%         4
 Anguish                  Hex/Necr       2%         N/A       80%         4
 Brom's Barrelling Bould  Conj/Erth      4%         2d3       80%         4
 Dispel Undead            Necr           4%         3d7       80%         4
 Fulminant Prism          Conj/Hex       2%         3d5       80%         4
 Olgreb's Toxic Radiance  Pois           4%         N/A       80%         4
 Alistair's Intoxication  Tmut/Pois      7%         N/A       83%         5
 Irradiate                Conj/Tmut      5%         3d13      83%         5
 Dispersal                Tloc           11%        N/A       88%         6
 Borgnjor's Vile Clutch   Necr/Erth      2%         N/A       98%         5
 Iskenderun's Battlesphe  Conj           4%         2d6       98%         5
 Metabolic Englaciation   Hex/Ice        2%         N/A       98%         5
 Silence                  Hex/Air        2%         N/A       98%         5
 Bombard                  Conj/Erth      2%         9d1       100%        6
 Eringya's Noxious Bog    Tmut/Pois      5%         4d6       100%        6
 Starburst                Conj/Fire      5%         6d4       100%        6
 Ozocubu's Refrigeration  Ice            2%         4d7       100%        7
 Discord                  Hex            2%         N/A       100%        8
 Disjunction              Tloc           11%        N/A       100%        8
 Ignition                 Fire           8%         3d5       100%        8
 Lehudib's Crystal Spear  Conj/Erth      2%         10d2      100%        8
 Chain Lightning          Conj/Air       2%         3d2       100%        9
 Death's Door             Necr           2%         N/A       100%        9
 Polar Vortex             Ice            2%         N/A       100%        9
 Shatter                  Erth           2%         3d6*      100%        9
 Summon Forest            Summ/Tloc      Unusable   N/A       N/A         5
 Animate Dead             Necr           Unusable   N/A       N/A         4
 Summon Ice Beast         Ice/Summ       Unusable   N/A       N/A         4
 Summon Lightning Spire   Summ/Air       Unusable   N/A       N/A         4
 Death Channel            Necr           Unusable   N/A       N/A         6
 Simulacrum               Ice/Necr       Unusable   N/A       N/A         6
 Summon Cactus Giant      Summ           Unusable   N/A       N/A         6
 Haunt                    Necr/Summ      Unusable   N/A       N/A         7
 Malign Gateway           Summ/Tloc      Unusable   N/A       N/A         7
 Spellforged Servitor     Conj/Summ      Unusable   N/A       N/A         7
 Summon Hydra             Summ           Unusable   N/A       N/A         7
 Infestation              Necr           Unusable   N/A       N/A         8
 Summon Horrible Things   Summ           Unusable   N/A       N/A         8

Dungeon Overview and Level Annotations

Branches:
Dungeon (15/15)            Temple (0/1) D:6            Lair (5/5) D:11
 Shoals (4/4) Lair:3        Snake (4/4) Lair:3        Slime (5/5) Lair:4
    Orc (2/2) D:10            Elf (3/3) Orc:2        Vaults (4/5) D:13
  Crypt (3/3) Vaults:2       Tomb (0/3) Crypt:3      Depths (4/4) D:15
    Zot (0/5) Depths:4      IceCv (visited)         Desolation (visited)

Altars:
Cheibriados
Dithmenos
Gozag
Kikubaaqudgha
Makhleb
Nemelex Xobeh
Okawaru
Qazlal
Uskayaw
Wu Jian
Xom
Yredelemnul
Jiyva

Shops:
D:9 (   D:11 =   Orc:2 =[*!   Elf:2 [   Shoals:2 *   Snake:3 =*   Vaults:2 ![
Vaults:3 (   Depths:2 **

Portals:
Hell: Depths:1 Depths:2 Depths:3 Depths:4
Abyss: Depths:3 Depths:4
Pandemonium: Depths:2 Depths:4
Ziggurat: Depths:1

Annotations:
D:3 1 runed translucent door, exclusion: downstairs
D:7 exclusion: downstairs
D:12 exclusion: 2 downstairs
D:14 exclusion: downstairs
Lair:2 exclusions: downstairs and hydra
Lair:3 exclusion: oklob plant
Shoals:2 1 exclusion
Shoals:3 exclusion: downstairs
Slime:5 Royal Jelly
Depths:1 1 exclusion


Innate Abilities, Weirdness & Mutations

You cannot wear most types of armour.
You are amphibious.
You can wear up to eight rings at the same time.
Your skin changes colour to match your surroundings (Stealth+).
Your rubbery body absorbs attacks. (AC +1, EV +1)
((You are camouflaged when in or above water. (Stealth+)))
You have tentacles for arms and can constrict up to eight enemies at once.
You are clumsy. (Dex -2)
Your flesh is cold resistant. (rC+)
A frigid envelope surrounds you and freezes all who hurt you.
You occasionally lose the ability to drink potions when taking damage.


Message History

The quicksilver ooze is severely wounded.
You hit the rockslime but do no damage. You hit the slime creature.
Lightning courses through the slime creature!
The quicksilver ooze closely misses you.
You block the quicksilver ooze's attack.
You block the slime creature's attack. You block the rockslime's attack.
You slash the slime creature!
Lightning courses through the slime creature!
You squeeze the slime creature, but do no damage.
The slime creature is severely wounded.
You barely miss the rockslime. You closely miss the quicksilver ooze.
You block the quicksilver ooze's attack. x2
You block the slime creature's attack. The rockslime hits you!!
* * * LOW HITPOINT WARNING * * *
You are shoved backwards!
You slice the quicksilver ooze!!
You kill the quicksilver ooze!
Okawaru accepts your kill.
You hit the rockslime but do no damage. The rockslime misses you.
Unknown command.
You hit the slime creature. You squeeze the slime creature!
You kill the slime creature!
Okawaru accepts your kill.
You hit the rockslime but do no damage. You slice the rockslime!!
The rockslime is moderately wounded.
The rockslime hits you!
* * * LOW HITPOINT WARNING * * *
You are shoved backwards!
Acid dripping from the walls corrodes you.
The rockslime attacks as it pursues you!
You block the rockslime's attack.
You hit the rockslime but do no damage.
The rockslime is moderately wounded.
The rockslime misses you.
You hit the rockslime but do no damage.
You squeeze the rockslime, but do no damage.
The rockslime is moderately wounded.
The rockslime hits you!!!
You die...

##.......................##.
#......#.................###
#.....#...................##
##..........................#
#^...........<...#..........#
##......#..>......#....##....
#..................#....#...#
##.#.#......J.#...##...###.##
##.#.......<@.....#....#####
#................###.....##
##...............#.#......#
#.......................##
##..............#......##
#...#.#......^####....##
##..##.........# ##...#
##..........##...# #..##
#...........#.#.## ...#


You could see a rockslime.

Vanquished Creatures
  An ancient lich (Crypt:3)
  A dread lich (Vaults:4)
  A juggernaut (Depths:2)
  Margery (Vaults:2)
  Nikola (Vaults:2)
  3 bone dragons
  A golden dragon (Depths:2)
  A profane servitor (Crypt:3)
  the Enchantress (Depths:1)
  Zenata (Elf:1)
  2 tentacled monstrosities
  Mlioglotl (Snake:2)
  2 liches
  2 deep elf blademasters (Elf:3)
  A titan (Depths:3)
  Asterion (Snake:4)
  A quicksilver dragon (Depths:2)
  9 acid blobs
  2 deep elf master archers (Elf:3)
  6 sphinxes
  Frances (Shoals:2)
  Gastronok (D:11)
  2 krakens (Shoals:4)
  Polyphemus (Shoals:2)
  Kirke (D:13)
  6 ancient champions
  2 shadow dragons
  3 tengu reavers
  Donald (Elf:1)
  Aizul (Snake:3)
  2 revenants
  An azure jelly (Slime:4)
  7 frost giants
  9 rockslimes
  5 fire giants
  5 deep elf sorcerers
  2 draconian monks (Depths:4)
  5 nagarajas
  13 vault wardens
  Louise (Depths:3)
  An imperial myrmidon (Desolation)
  3 ghouls
  3 curse skulls (Crypt:1)
  2 orc warlords
  6 deep elf elementalists (Elf:3)
  A caustic shrike skeleton (Crypt:1)
  A broodmother (shapeshifter) (Depths:2)
  8 stone giants
  9 formless jellyfish
  21 very ugly things
  2 war gargoyles
  12 ironbound preservers
  2 quicksilver oozes (Slime:4)
  3 spriggan defenders (Depths:1)
  6 vampire knights
  3 ironbound thunderhulks
  9 deep elf demonologists
  A green draconian (Depths:4)
  2 halazid warlocks (Desolation)
  Azrael (D:15)
  A purple draconian (Depths:4)
  2 red draconians (Depths:4)
  10 deep elf annihilators
  3 dire elephants
  6 spark wasps
  3 eidola
  9 deep elf death magi
  9 merfolk impalers
  3 crystal guardians
  4 merfolk javelineers
  A blizzard demon (Depths:2)
  17 ettins
  5 yaktaur captains
  8 fire dragons
  10 great orbs of eyes
  4 deep elf high priests (Elf:3)
  A spectral spriggan (Crypt:3)
  6 ragged hierophants (Desolation)
  25 jiangshi
  A fenstrider witch zombie (Crypt:1)
  3 entropy weavers
  6 ice dragons
  3 salamander tyrants (Snake:4)
  3 vault guards (Vaults:1)
  7 ironbound frosthearts
  5 merfolk aquamancers
  Erolcha (Orc:2)
  4 merfolk avatars
  6 rakshasas
  6 peacekeepers
  2 ogre magi
  8 servants of whispers (Desolation)
  5 spriggan air magi
  The ghost of olddryhag the Twirler, a journeyman DsWn of Gozag (D:10)
  3 catoblepae
  2 alligator snapping turtles
  5 hydras
  19 centaur warriors
  8 boulder beetles
  6 satyrs
  22 dancing weapons
  6 death knights
  18 naga warriors
  9 anacondas
  4 tengu warriors
  3 two-headed ogres
  6 deep troll earth magi
  7 vampire magi
  8 deep troll shamans
  4 spriggan berserkers
  9 naga sharpshooters
  Urug (Lair:4)
  9 death yaks
  3 orc high priests (Orc:2)
  4 shock serpents
  5 skysharks
  3 soul eaters
  Amaemon (Lair:3)
  A fire crab (D:15)
  14 deep elf knights
  8 hell knights
  2 shadow wraiths
  A salamander mystic (Snake:4)
  43 skeletal warriors
  5 iron trolls
  2 spriggan simulacra
  53 deep trolls
  21 sea snakes
  3 glowing orange brains
  12 phantasmal warriors
  A lindwurm (shapeshifter) (Depths:2)
  8 naga ritualists
  5 flayed ghosts
  4 bog bodies (Shoals:3)
  A spectral hydra (Crypt:3)
  12 deep elf archers
  20 harpies
  27 ironbound convokers
  Pikel (D:6)
  7 necromancers
  The ghost of Stellion the Poker, a novice MiGl (D:6)
  8 orc knights
  28 deep elf zephyrmancers
  8 lindwurms
  18 deep elf pyromancers
  35 ugly things
  An anaconda skeleton (Crypt:3)
  11 mana vipers
  12 wizards
  A jorogumo zombie (Crypt:1)
  7 salamanders
  15 fauns
  4 shining eyes
  5 orc sorcerers
  9 manticores
  A centaur zombie (Crypt:1)
  A rust devil (Depths:2)
  9 guardian serpents
  6 merfolk sirens
  9 cyclopes
  A jorogumo skeleton (Crypt:2)
  8 water nymphs
  2 eyes of devastation (Slime:3)
  2 ice statues (IceCv)
  A stone giant skeleton (Crypt:2)
  12 naga magi
  36 black mambas
  16 vault sentinels
  7 elephants (Lair:5)
  A centaur skeleton (Crypt:1)
  14 cane toads
  7 molten gargoyles (Desolation)
  2 orange demons
  A torpor snail (Lair:1)
  4 gargoyles
  3 unseen horrors
  5 rime drakes
  3 kobold demonologists
  6 komodo dragons
  2 ice devils (Depths:2)
  31 yaktaurs
  6 freezing wraiths
  2 tengu conjurers
  An efreet (D:14)
  A steelbarb worm zombie (Crypt:2)
  A queen bee (shapeshifter) (Vaults:3)
  2 harpy zombies (Crypt:1)
  36 merfolk
  A black draconian skeleton (Crypt:1)
  6 large abominations
  11 polar bears
  A meliai (D:15)
  9 trolls
  A hellwing (Depths:2)
  54 saltlings (Desolation)
  7 wind drakes
  A hornet (shapeshifter) (D:14)
  13 snapping turtles
  A guardian serpent zombie (Crypt:2)
  3 hornets
  A jumping spider zombie (Crypt:1)
  3 blink frogs (Lair:5)
  A harpy skeleton (Crypt:1)
  Grinder (D:6)
  A snapping turtle (shapeshifter) (D:15)
  9 dream sheep
  A fire dragon zombie (Crypt:1)
  125 slime creatures
  A black mamba zombie (Crypt:1)
  4 air elementals
  A spriggan (shapeshifter) (D:13)
  65 flying skulls
  2 fire dragon skeletons
  5 wyverns
  9 wraiths
  4 spriggans (Depths:1)
  6 hogs
  A vampire (D:11)
  2 humans
  9 water elementals
  4 shadows (Crypt:3)
  3 fire elementals
  4 basilisks
  13 golden eyes
  65 yaks
  A naga zombie (Crypt:1)
  3 redbacks (Vaults:4)
  A chaos spawn (Depths:2)
  2 steam dragons
  A redback (shapeshifter) (D:14)
  A vampire mosquito (D:10)
  45 nagas
  2 wargs
  A harpy simulacrum (IceCv)
  A fire bat zombie (Crypt:1)
  An acid dragon (shapeshifter) (Elf:3)
  3 acid dragons (D:10)
  3 hell hounds (D:15)
  13 water moccasins
  A floating eye (Slime:3)
  A two-headed ogre skeleton (Crypt:1)
  2 naga skeletons (Crypt:1)
  A deep troll skeleton (Crypt:1)
  23 orc warriors
  A black bear (D:4)
  An ice beast (D:5)
  4 ogres
  A boggart (D:7)
  A phantom (D:6)
  15 centaurs
  13 wolves
  The ghost of Kurtz the Chopper, an amateur OpFi (D:3)
  8 bullfrogs
  2 kobold brigands (D:11)
  A gnoll sergeant (D:7)
  A wyvern zombie (Crypt:1)
  A cane toad simulacrum (IceCv)
  A salamander skeleton (Crypt:1)
  5 necrophages
  4 earth elementals
  3 scorpions
  A troll zombie (Crypt:2)
  A water moccasin skeleton (Crypt:1)
  4 wights (D:9)
  An elephant simulacrum (IceCv)
  8 killer bees
  8 howler monkeys
  4 electric eels (Elf:3)
  10 small abominations
  4 lava snakes (Lair:3)
  4 hounds
  3 jellies
  A gnoll bouda (D:10)
  13 orc priests
  Crazy Yiuf (D:2)
  Terence (D:3)
  5 iguanas
  3 sleepcaps
  24 orc wizards
  5 hell rats (Lair:2)
  A wolf simulacrum (IceCv)
  12 gnolls
  17 river rats
  16 adders
  2 shadow imps (D:7)
  A white imp (D:6)
  4 worms
  A dart slug (D:3)
  60 orcs
  9 ball pythons
  2 bats (D:1)
  10 endoplasms
  4 giant cockroaches
  7 goblins
  6 hobgoblins
  12 quokkas
  A frilled lizard (D:3)
  A hobgoblin zombie (Crypt:2)
  17 kobolds
  13 rats
  4 tentacles (Shoals:4)
2128 creatures vanquished.

Vanquished Creatures (others)
  A peacekeeper (Desolation)
  A deep elf pyromancer (Elf:2)
  A slime creature (Slime:3)
  13 tentacles (Shoals:4)
16 creatures vanquished.

Grand Total: 2144 creatures vanquished

Notes
Turn   | Place    | Note
-------+----------+-------------------------------------------
     0 | D:1      | Kurtz the Octopode Fighter began the quest for the Orb.
     0 | D:1      | Reached XP level 1. HP: 16/16 MP: 1/1
   133 | D:1      | Reached XP level 2. HP: 21/21 MP: 2/2
   432 | D:1      | Found a faded altar of an unknown god.
   438 | D:1      | Reached XP level 3. HP: 26/26 MP: 3/3
   699 | D:2      | You fall into a shaft and drop 1 floor!
   706 | D:3      | Found a runed translucent door.
   858 | D:2      | Reached XP level 4. HP: 31/31 MP: 4/4
  1232 | D:2      | Found a runed translucent door.
  1233 | D:2      | Noticed Crazy Yiuf
  1456 | D:3      | Reached skill level 5 in Axes
  1487 | D:3      | Found a runed translucent door.
  1488 | D:3      | Noticed Kurtz's ghost (amateur OpFi)
  1539 | D:3      | Noticed Terence
  1552 | D:3      | Killed Terence
  1553 | D:3      | Reached XP level 5. HP: 28/36 MP: 5/5
  1680 | D:3      | Found a sparkling altar of Nemelex Xobeh.
  1680 | D:3      | Found a hide-covered altar of Uskayaw.
  2088 | D:3      | Found a shimmering altar of Xom.
  2088 | D:3      | Found a shadowy altar of Dithmenos.
  2096 | D:3      | Found a faded altar of an unknown god.
  2100 | D:3      | Found a faded altar of an unknown god.
  2102 | D:3      | Found an iron altar of Okawaru.
  2108 | D:3      | Became a worshipper of Warmaster Okawaru
  2188 | D:4      | Noticed a black bear
  2297 | D:5      | Entered Level 5 of the Dungeon
  2422 | D:5      | Noticed a water moccasin
  2432 | D:5      | Killed a water moccasin
  2433 | D:5      | Reached skill level 1 in Invocations
  2433 | D:5      | Reached XP level 6. HP: 7/42 MP: 1/6
  2738 | D:4      | Reached * piety under Okawaru
  2739 | D:4      | Reached XP level 7. HP: 44/46 MP: 8/8
  3330 | D:2      | Killed Crazy Yiuf
  3706 | D:5      | Found an opulent altar of Gozag.
  3714 | D:5      | Reached ** piety under Okawaru
  3834 | D:5      | Reached XP level 8. HP: 48/52 MP: 9/9
  4587 | D:6      | Found a staircase to the Ecumenical Temple.
  4637 | D:6      | Noticed Stellion's ghost (novice MiGl)
  4638 | D:6      | Found a runed translucent door.
  4695 | D:6      | Noticed Grinder
  4709 | D:6      | Paralysed by Grinder for 2 turns
  4714 | D:6      | Killed Grinder
  4714 | D:6      | Reached *** piety under Okawaru
  5198 | D:6      | Noticed Pikel
  5212 | D:6      | Killed Pikel
  5213 | D:6      | Reached skill level 10 in Axes
  5213 | D:6      | Reached XP level 9. HP: 44/58 MP: 11/11
  5886 | D:7      | Reached **** piety under Okawaru
  6323 | D:7      | Reached skill level 5 in Fighting
  6779 | D:8      | Found an ornate altar of the Wu Jian Council.
  6983 | D:7      | Reached XP level 10. HP: 16/66 MP: 10/13
  7353 | D:8      | Found a stormy altar of Qazlal.
  7486 | D:8      | Reached ***** piety under Okawaru
  7807 | D:9      | Reached skill level 5 in Invocations
  7869 | D:9      | Found Siyteocs's Weapon Shoppe.
  7876 | D:9      | Bought a +3 hand axe of venom for 288 gold pieces
  8005 | D:9      | Received a gift from Okawaru
  8213 | D:9      | Reached skill level 4 in Dodging
  9302 | D:9      | Found a burning altar of Makhleb.
  9323 | D:9      | Reached skill level 5 in Dodging
  9329 | D:9      | Reached XP level 11. HP: 59/75 MP: 14/14
  9829 | D:10     | Entered Level 10 of the Dungeon
  9860 | D:10     | Noticed a two-headed ogre
  9907 | D:10     | Noticed a centaur warrior
  9927 | D:10     | Killed a centaur warrior
 10227 | D:10     | Noticed olddryhag's ghost (journeyman DsWn)
 10231 | D:10     | Noticed a boulder beetle
 10238 | D:10     | Found a transporter.
 10283 | D:10     | Found a snail-covered altar of Cheibriados.
 10356 | D:10     | Found a staircase to the Orcish Mines.
 10408 | D:10     | Noticed a tengu warrior
 10416 | D:10     | Killed a two-headed ogre
 10416 | D:10     | Received a gift from Okawaru
 10569 | D:10     | Found a transporter.
 10799 | D:10     | Reached skill level 6 in Dodging
 10819 | D:10     | Reached skill level 5 in Shields
 11062 | D:10     | Noticed a manticore
 11522 | D:11     | Noticed Gastronok
 11560 | D:11     | Killed Gastronok
 11872 | D:11     | Found Gellax's Jewellery Shop.
 11880 | D:11     | Bought a ring of see invisible for 210 gold pieces
 12538 | D:11     | Reached XP level 12. HP: 79/84 MP: 15/15
 12593 | D:11     | Reached skill level 15 in Axes
 12962 | D:11     | Found a staircase to the Lair.
 12963 | D:11     | Noticed a boulder beetle
 12981 | D:11     | Killed a boulder beetle
 13503 | D:12     | Received a gift from Okawaru
 13577 | D:12     | Noticed a boulder beetle
 13606 | D:12     | Killed a boulder beetle
 14924 | D:13     | Noticed a centaur warrior
 14959 | D:13     | Noticed Kirke
 15087 | D:13     | Killed a centaur warrior
 15378 | Lair:1   | Entered Level 1 of the Lair of Beasts
 15827 | Lair:1   | Noticed a boulder beetle
 15882 | Lair:1   | Received a gift from Okawaru
 16088 | Lair:1   | Killed a boulder beetle
 17248 | Lair:2   | Received a gift from Okawaru
 17350 | Lair:2   | Reached XP level 13. HP: 52/90 MP: 16/16
 17771 | Lair:2   | Identified the +11 war axe "Q" {flame, *Corrode Will+ Int+3
                  | Dex+4}
 18102 | Lair:2   | Reached ****** piety under Okawaru
 18103 | Lair:2   | Acquired the +0 hat of the Hurricane {Harm rN+ Will+
                  | Slay+2}
 18103 | Lair:2   | Received a gift from Okawaru
 18323 | Lair:2   | Received a gift from Okawaru
 18935 | Lair:2   | Acquired a +1 broad axe of electrocution
 18935 | Lair:2   | Received a gift from Okawaru
 19306 | Lair:3   | Noticed Amaemon
 19341 | Lair:3   | Killed Amaemon
 19606 | Lair:3   | Reached skill level 10 in Fighting
 19828 | Lair:3   | Received a gift from Okawaru
 19919 | Lair:3   | Found a staircase to the Shoals.
 19928 | Lair:3   | Reached skill level 7 in Dodging
 20196 | Lair:3   | Found a staircase to the Snake Pit.
 20448 | Lair:4   | Found a viscous altar of Jiyva.
 20448 | Lair:4   | Found a staircase to the Slime Pits.
 20453 | Lair:4   | Noticed Urug
 20465 | Lair:4   | Killed Urug
 20599 | Lair:4   | Reached skill level 8 in Dodging
 21230 | Lair:4   | Reached skill level 9 in Dodging
 22144 | Lair:5   | Entered Level 5 of the Lair of Beasts
 22226 | Lair:5   | Reached skill level 10 in Dodging
 22275 | Lair:5   | Reached XP level 14. HP: 69/99 MP: 17/17
 22387 | Lair:5   | Reached skill level 11 in Dodging
 22933 | Lair:5   | Reached skill level 12 in Dodging
 22961 | Lair:5   | Noticed a dire elephant
 22976 | Lair:5   | HP: 4/99 [dire elephant (36)]
 22979 | Lair:5   | Killed a dire elephant
 22980 | Lair:5   | Reached skill level 1 in Stealth
 23487 | Orc:1    | Entered Level 1 of the Orcish Mines
 23983 | Orc:2    | Entered Level 2 of the Orcish Mines
 24002 | Orc:2    | Received a gift from Okawaru
 24024 | Orc:2    | Found a frozen archway.
 24039 | IceCv    | Entered an ice cave
 24131 | IceCv    | Found a transporter.
 24141 | IceCv    | Found a transporter.
 24194 | IceCv    | Identified a scroll of acquirement
 24196 | IceCv    | Acquired a manual of Transmutations
 24790 | Orc:2    | Found a staircase to the Elven Halls.
 24801 | Orc:2    | Noticed Erolcha
 24826 | Orc:2    | Killed Erolcha
 24833 | Orc:2    | Noticed an orc warlord
 25010 | Orc:2    | Reached skill level 1 in Transmutations
 25034 | Orc:2    | Killed an orc warlord
 25340 | Orc:2    | Reached XP level 15. HP: 75/108 MP: 15/18
 25511 | Orc:2    | Found Tuleasagu's Distillery.
 25516 | Orc:2    | Found Fatom's Armour Shoppe.
 25523 | Orc:2    | Found Kaongit's Jewellery Shoppe.
 25525 | Orc:2    | Found Ustas's General Store.
 25534 | Orc:2    | Bought a potion of haste for 160 gold pieces
 25534 | Orc:2    | Bought a scroll of identify for 32 gold pieces
 25534 | Orc:2    | Bought a potion of berserk rage for 80 gold pieces
 25534 | Orc:2    | Bought a potion of curing for 48 gold pieces
 25536 | Orc:2    | Bought a ring of protection from cold for 325 gold pieces
 25546 | Orc:2    | Bought 2 potions of heal wounds for 150 gold pieces
 25546 | Orc:2    | Bought a potion of resistance for 150 gold pieces
 25546 | Orc:2    | Bought a potion of resistance for 150 gold pieces
 25546 | Orc:2    | Bought a potion of heal wounds for 75 gold pieces
 25546 | Orc:2    | Bought a potion of curing for 45 gold pieces
 25546 | Orc:2    | Bought a potion of berserk rage for 75 gold pieces
 25784 | Shoals:1 | Entered Level 1 of the Shoals
 25793 | Shoals:1 | Reached skill level 13 in Dodging
 26106 | D:6      | Killed Stellion's ghost
 26259 | D:10     | Killed olddryhag's ghost
 26260 | D:10     | Received a gift from Okawaru
 26571 | D:3      | Killed Kurtz's ghost
 26579 | D:3      | Acquired the +3 hat of Qoovoel {rPois rF- rC++}
 27544 | D:13     | Killed Kirke
 27624 | D:13     | Identified the +2 trident of the Stopping Jester
                  | {antimagic, rElec Int-5 Dex+4 SInv}
 27973 | D:13     | Found a gate to the Vaults.
 28196 | D:14     | Acquired the ring "Legeme" {Drain rCorr Str+4 Dex+3 Stlth+}
 28488 | D:14     | Received a gift from Okawaru
 29537 | D:14     | Paralysed by a hornet for 1 turns
 29828 | D:15     | Entered Level 15 of the Dungeon
 30008 | D:15     | Reached skill level 10 in Shields
 30016 | D:15     | Reached XP level 16. HP: 117/117 MP: 19/19
 30024 | D:15     | Found a staircase to the Depths.
 30238 | D:15     | Noticed Azrael
 30567 | D:15     | Reached skill level 14 in Dodging
 30610 | D:15     | Killed Azrael
 30615 | D:15     | Received a gift from Okawaru
 31420 | D:15     | Identified the ring "Oluam" {rC+ rN+++ Dex-4 Slay+3 Stlth+}
 31937 | Snake:1  | Entered Level 1 of the Snake Pit
 32940 | Snake:1  | You fall into a shaft and drop 1 floor!
 33881 | Snake:2  | Noticed Mlioglotl
 33899 | Snake:2  | Killed Mlioglotl
 35144 | Snake:3  | Noticed a nagaraja
 35153 | Snake:3  | Killed a nagaraja
 35224 | Snake:3  | Reached XP level 17. HP: 122/122 MP: 20/20
 35532 | Snake:3  | Reached skill level 15 in Shields
 35579 | Snake:3  | Found Hiudouqu's General Store.
 35586 | Snake:3  | Bought a potion of enlightenment for 70 gold pieces
 35586 | Snake:3  | Found Leacroeluh's Jewellery Shoppe.
 35592 | Snake:3  | Bought the ring of Jungam {rCorr Int+4 Slay+2} for 569 gold
                  | pieces
 35821 | Snake:3  | Noticed Aizul
 35831 | Snake:3  | Killed Aizul
 35881 | Snake:3  | Identified the +1 pair of gloves of the Wary Jumping Hosts
                  | {Regen+}
 36069 | Snake:4  | Entered Level 4 of the Snake Pit
 36632 | Slime:1  | Entered Level 1 of the Pits of Slime
 40814 | Snake:4  | Noticed Asterion
 40889 | Snake:4  | Reached skill level 15 in Dodging
 41426 | Snake:4  | Noticed an Executioner
 41435 | Snake:4  | Killed Asterion
 41946 | Snake:4  | Reached XP level 18. HP: 123/128 MP: 13/21
 42032 | Snake:4  | Got a serpentine rune of Zot
 43790 | Shoals:2 | Noticed Frances
 44149 | Shoals:2 | Reached skill level 16 in Dodging
 44441 | Shoals:2 | Killed Frances
 44603 | Shoals:2 | Noticed Polyphemus
 44633 | Shoals:2 | Killed Polyphemus
 45465 | Shoals:2 | Found Anta's Assorted Antiques.
 45850 | Shoals:3 | Reached skill level 17 in Dodging
 47489 | Shoals:4 | Entered Level 4 of the Shoals
 47910 | Shoals:4 | Paralysed by a formless jellyfish for 1 turns
 48246 | Shoals:4 | Reached skill level 18 in Dodging
 48467 | Shoals:3 | Reached XP level 19. HP: 70/134 MP: 22/22
 50381 | Shoals:4 | Identified the +3 robe "Fuoz" {Str+5}
 51241 | Shoals:4 | Got a barnacled rune of Zot
 52251 | Vaults:1 | Entered Level 1 of the Vaults
 52613 | Vaults:1 | Received a gift from Okawaru
 52964 | Vaults:1 | Reached skill level 19 in Dodging
 54231 | Vaults:2 | Found Pijyrasy's Distillery.
 54240 | Vaults:2 | Bought a potion of curing for 45 gold pieces
 54764 | Vaults:2 | Reached skill level 15 in Fighting
 54813 | Vaults:2 | Reached XP level 20. HP: 52/145 MP: 23/23
 55518 | Vaults:2 | Noticed Margery
 55518 | Vaults:2 | Noticed Nikola
 56658 | Vaults:2 | Killed Margery
 56660 | Vaults:2 | Received a gift from Okawaru
 56676 | Vaults:2 | Found Ysuigh's Antique Armour Emporium.
 56832 | Vaults:2 | Reached XP level 21. HP: 153/153 MP: 23/25
 56845 | Vaults:2 | Killed Nikola
 57270 | Vaults:2 | Found a staircase to the Crypt.
 58039 | Elf:1    | Entered Level 1 of the Elven Halls
 58039 | Elf:1    | Found a runed translucent gate.
 58039 | Elf:1    | Found a runed translucent gate.
 58039 | Elf:1    | Found a runed translucent gate.
 58039 | Elf:1    | Found a runed translucent gate.
 58039 | Elf:1    | Found a runed translucent gate.
 58039 | Elf:1    | Found a runed translucent gate.
 58076 | Elf:1    | Found an ancient bone altar of Kikubaaqudgha.
 58083 | Elf:1    | Paralysed by an air elemental for 1 turns
 58086 | Elf:1    | Paralysed by an air elemental for 1 turns
 58233 | Elf:1    | Found a crumbling gateway.
 58235 | Elf:1    | Noticed Donald
 58243 | Elf:1    | Found a runed translucent door.
 58250 | Elf:1    | Killed Donald
 58359 | Desolati | Entered the Desolation of Salt
 58981 | Desolati | Identified the ring "Pouthr Yneleph" {Contam +Blink rPois
                  | MP+9 Int+6}
 58987 | Desolati | Identified the ring "Malit" {+Blink Fly rF+ rC+}
 58994 | Desolati | Identified the ring of Tomorrow {+Blink Fly rF++}
 59260 | Desolati | Got a weird book
 59265 | Desolati | Got a strange book
 59309 | Desolati | Identified the +1 chain mail of Giacil {rF+}
 59314 | Desolati | Identified the +6 arbalest of Brawling {speed, rC++ rN+
                  | Str+3 Int-4}
 59619 | Desolati | Reached XP level 22. HP: 163/163 MP: 26/26
 60136 | Elf:1    | Paralysed by an air elemental for 1 turns
 60148 | Elf:1    | Noticed Zenata
 60162 | Elf:1    | Killed Zenata
 60738 | Elf:1    | Found a runed translucent door.
 60994 | Elf:2    | Found Lofun's Antique Armour Shop.
 61241 | Elf:2    | Found a huge runed translucent gate.
 61241 | Elf:2    | Found a huge runed translucent gate.
 61241 | Elf:2    | Found a huge runed translucent gate.
 61677 | Elf:2    | Found a huge runed translucent gate.
 61677 | Elf:2    | Found a huge runed translucent gate.
 61999 | Elf:2    | Reached skill level 20 in Dodging
 62425 | Elf:3    | Entered Level 3 of the Elven Halls
 63517 | Elf:3    | Identified the +3 great sword of Namuim {pain, rPois Will+
                  | Int+6 Dex-4}
 63666 | Elf:3    | Identified the +1 glaive of Obiter Dictum {speed, Str+4
                  | Stlth+}
 63899 | Elf:3    | Identified the +0 morningstar of Indomitability {venom,
                  | Int+4}
 64651 | Elf:3    | Identified the +8 mace "Qekh" {holy, rF+ Dex+4}
 64726 | Elf:3    | Identified the +0 leather armour of Bivooroi {Str+4}
 64734 | Elf:3    | Received a gift from Okawaru
 64889 | Elf:3    | Identified the +12 hand axe "Umeig" {flame, rPois Will+
                  | rCorr Stlth-}
 65610 | Elf:3    | Reached XP level 23. HP: 174/174 MP: 27/27
 65920 | Elf:3    | Got an illuminated book
 65932 | Elf:3    | Identified the +3 shortbow "Fiugin" {heavy, SInv}
 65965 | Elf:3    | Learned a level 4 spell: Passage of Golubria
 67959 | Vaults:3 | Found Ahacku's Weapon Shop.
 68518 | Vaults:4 | Received a gift from Okawaru
 68565 | Vaults:4 | Paralysed by a formless jellyfish for 1 turns
 68812 | Vaults:4 | Found a flickering gateway to a bazaar.
 68817 | Bazaar   | Entered a bazaar
 68998 | Bazaar   | Found Muavaor's Armour Boutique.
 69006 | Bazaar   | Found Jiwkai's Book Shoppe.
 69015 | Bazaar   | Bought a manual of Dodging for 960 gold pieces
 69026 | Bazaar   | Found Nicalec's Book Shoppe.
 69029 | Bazaar   | Found Rehed's Antique Armour Boutique.
 69057 | Bazaar   | Bought a book of Death for 528 gold pieces
 69361 | Vaults:4 | Noticed a dread lich
 69389 | Vaults:4 | Killed a dread lich
 69390 | Vaults:4 | Reached skill level 21 in Dodging
 69488 | Vaults:4 | Identified the ring of Afiextaa {Fly rN+ Will++ rCorr
                  | Str-4}
 70093 | Vaults:4 | Reached skill level 22 in Dodging
 70887 | Depths:1 | Entered Level 1 of the Depths
 70887 | Depths:1 | Found a gateway to Hell.
 71196 | Depths:1 | Noticed the Enchantress
 71370 | Depths:1 | Reached skill level 23 in Dodging
 71646 | Depths:2 | Found Caogustra's General Store.
 71648 | Depths:2 | Found Byoxan's Specific Store.
 71656 | Depths:2 | Bought a potion of haste for 210 gold pieces
 71690 | Depths:2 | Found a basalt altar of Yredelemnul.
 71939 | Depths:2 | Noticed a juggernaut
 71952 | Depths:2 | Killed a juggernaut
 71984 | Depths:2 | Reached XP level 24. HP: 149/184 MP: 27/27
 72495 | Depths:2 | Reached skill level 24 in Dodging
 72524 | Depths:2 | HP: 7/184 [ettin/+0 dire flail (29)]
 73897 | Depths:1 | Found a one-way gateway to a ziggurat.
 74154 | Depths:1 | Found a shadowy altar of Dithmenos.
 74559 | Depths:1 | Killed the Enchantress
 74751 | Depths:2 | Found a one-way gate leading to the halls of Pandemonium.
 75428 | Depths:2 | Reached skill level 1 in Translocations
 75611 | Depths:2 | Reached skill level 1 in Spellcasting
 76726 | Depths:3 | Found a one-way gate to the infinite horrors of the Abyss.
 76726 | Depths:3 | Noticed Louise
 77184 | Depths:3 | Killed Louise
 77329 | Depths:4 | Entered Level 4 of the Depths
 77385 | Depths:4 | Reached skill level 25 in Dodging
 78200 | Depths:4 | Reached XP level 25. HP: 176/192 MP: 27/27
 78430 | Depths:4 | Received a gift from Okawaru
 79325 | Depths:4 | Found a gate to the Realm of Zot.
 79438 | Depths:4 | Learned a level 9 spell: Fire Storm
 79656 | Crypt:1  | Entered Level 1 of the Crypt
 79990 | Crypt:1  | Received a gift from Okawaru
 82048 | Crypt:2  | Received a gift from Okawaru
 82845 | Crypt:3  | Entered Level 3 of the Crypt
 83500 | Crypt:3  | Found a basalt altar of Yredelemnul.
 83530 | Crypt:3  | Reached skill level 1 in Fire Magic
 83538 | Crypt:3  | Reached skill level 5 in Translocations
 84116 | Crypt:3  | Identified the +0 helmet of Autumn {Rampage +Blink Int+3}
 84191 | Crypt:3  | Found a staircase to the Tomb.
 84191 | Crypt:3  | Noticed an ancient lich
 84207 | Crypt:3  | Reached XP level 26. HP: 202/202 MP: 30/30
 84224 | Crypt:3  | Killed an ancient lich
 84258 | Crypt:3  | Got a well-preserved book
 84557 | Crypt:3  | Received a gift from Okawaru
 85070 | Slime:1  | Reached skill level 5 in Spellcasting
 85556 | Slime:1  | Learned a level 8 spell: Borgnjor's Revivification
 85803 | Slime:3  | Gained mutation: You are frail. (-10% HP) [a shining eye]
 85805 | Slime:3  | Lost mutation: You are frail. (-10% HP) [potion of
                  | mutation]
 85805 | Slime:3  | Gained mutation: Your magical capacity is low. (-10% MP)
                  | [potion of mutation]
 85805 | Slime:3  | Gained mutation: You occasionally lose the ability to drink
                  | potions when taking damage. [potion of mutation]
 85805 | Slime:3  | Gained mutation: A frigid envelope surrounds you and
                  | freezes all who hurt you. [potion of mutation]
 85860 | Slime:3  | Paralysed by a formless jellyfish for 1 turns
 87112 | Slime:4  | Paralysed by a formless jellyfish for 1 turns
 87370 | Slime:4  | Gained mutation: You sometimes lose the ability to drink
                  | potions when taking damage. [a shining eye]
 87376 | Slime:4  | Gained mutation: You are vulnerable to cold. (rC-) [a
                  | shining eye]
 87385 | Slime:3  | Lost mutation: You are vulnerable to cold. (rC-) [potion of
                  | mutation]
 87385 | Slime:3  | Lost mutation: You sometimes lose the ability to drink
                  | potions when taking damage. [potion of mutation]
 87385 | Slime:3  | Lost mutation: Your magical capacity is low. (-10% MP)
                  | [potion of mutation]
 87385 | Slime:3  | Gained mutation: Your flesh is cold resistant. (rC+)
                  | [potion of mutation]
 87385 | Slime:3  | Gained mutation: You are clumsy. (Dex -2) [potion of
                  | mutation]
 87524 | Slime:4  | Received a gift from Okawaru
 87818 | Slime:5  | Entered Level 5 of the Pits of Slime
 88256 | Slime:5  | Noticed the Royal Jelly
 88267 | Slime:4  | Slain by a rockslime

Illustrated notes

Levels and vault maps discovered:
D:1:      lightli_arrival_maybe_door_vault, layout_rooms,
          chequers_ecumenical_altar_simple
D:2:      layout_basic, minmay_snake_closets, uniq_crazy_yiuf_cottage
D:3:      layout_loops_ring, chequers_temple_overflow_minitemple,
          gammafunk_temple_overflow_statue, ebering_ghost_sewer_f, uniq_terence
D:4:      layout_cave_pools
D:5:      layout_basic, grunt_gozag_statues
D:6:      layout_basic, minmay_temple_entry_slanted,
          hellmonk_ghost_happy_afterlife, serial_shops, nicolae_lakefront_shop,
          uniq_pikel, uniq_grinder
D:7:      layout_rooms, grunt_livestock
D:8:      layout_rooms, pdpol_wu_jian_five_deadly_venoms,
          nicolae_qazlal_general_emergency
D:9:      layout_loops_ring, kennysheep_little_box, serial_shops, shop
D:10:     hangedman_cross_stitches, layout_basic, cheibriados_altar_1,
          orc_0_dummy, nzn_ghost_randoct
D:11:     layout_loops_corners, lair_entry_dummy, serial_shops,
          nicolae_shop_hallway_stairs, uniq_gastronok
D:12:     layout_loops_ring
D:13:     layout_roguey, erik_vaults_1, uniq_kirke
D:14:     layout_cave_pools, chequers_serial_rivers_micro_a,
          grunt_ministairs_11, onia_ninara_dug_in_and_dangerous
D:15:     hangedman_depths_entry_civil_slaughter, layout_loops_ring,
          minmay_variable_closet, minivault_12, uniq_azrael
Lair:1:   layout_concentric_octagons, chequers_serial_rivers_small_a,
          minmay_hedge_maze
Lair:2:   lemuel_ratsnest, layout_regular_city, cheibrodos_lair_lostbears,
          serial_bayou_shore_b
Lair:3:   layout_misc_corridors, minmay_shoals_entry_centaurs,
          nicolae_snake_entry_warm_welcome, minmay_lair_oklob_bushes,
          uniq_amaemon
Lair:4:   layout_cave_pods, nicolae_slime_entry_slimehenge, uniq_urug
Lair:5:   grunt_lair_end_beastmaster, layout_loops_ring, grunt_megastairs_5,
          lemuel_fruit_tree
Shoals:1: cheibrodos_shoals_oceanic_diplomacy, layout_shoals
Shoals:2: layout_shoals, serial_shops, shop, st_sunken_huts, uniq_frances,
          uniq_polyphemus
Shoals:3: layout_shoals, nicolae_shoals_secluded_bog
Shoals:4: shoals_end_simple, layout_shoals
Snake:1:  layout_chambers, serial_bayou_shore_b
Snake:2:  layout_onion, uniq_mlioglotl
Snake:3:  layout_grid_maze, st_stairs_4, minmay_shoptagon, serial_bayou_shore_b,
          uniq_aizul
Snake:4:  minmay_snake_end_coiled, layout_layer_cave, serial_bayou_shore_a,
          uniq_asterion
Slime:1:  layout_caves
Slime:2:  layout_caves
Slime:3:  layout_caves
Slime:4:  layout_caves
Slime:5:  slime_pit_nicolae_royal_road_to_ruin
Orc:1:    layout_caves, basic_altar
Orc:2:    st_orc_elflike, layout_caves, portal_ice_cave_rime, uniq_erolcha
Elf:1:    nicolae_elf_arrival_dilemma, layout_gridlike,
          portal_desolation_entry_nicolae_menacing_earthworks, basic_altar,
          minmay_elf_demonology, grunt_megastairs_4, uniq_donald, uniq_zenata
Elf:2:    elven_hall_of_blades_hangedman_alternative
          [nicolae_blade_entry_pointy_end], layout_loops_cross, serial_shops,
          nicolae_shop_competitors_out_of_business
Elf:3:    grunt_elf_hall_diamonds, layout_geoelf_castle,
          minmay_misc_feat_diagonals, laboratory
Vaults:1: grunt_vaults_funnel, nicolae_vaults_storage_closets_3,
          nicolae_vaults_mini_display_case, nicolae_vaults_tetromino_Z_1,
          nicolae_vaults_double_plus_3, nicolae_vaults_sesquioval_fish,
          nicolae_vaults_house_1, ontoclasm_vaults_shuriken,
          nicolae_vaults_more_shelving_2, nicolae_vaults_hexular_roomagon,
          hangedman_vaults_hat, v_alt_pattern_3, nicolae_vaults_specimen_jars,
          layout_vaults_maze
Vaults:2: minmay_crypt_entry_simple_box, nicolae_vaults_little_squares_2,
          hangedman_vaults_impose, nicolae_vaults_wrenched,
          nicolae_vaults_border_crossing, vaults_room_door_ring,
          nicolae_vaults_little_squares_3, nicolae_vaults_more_shelving_1,
          layout_vaults_omnigrid, serial_shops, shop, shop, uniq_margery,
          uniq_nikola
Vaults:3: dpeg_vaults_hating_casters, nicolae_vaults_big_angled_halls,
          nicolae_vaults_sightless_eye, nicolae_vaults_taking_the_gang_shopping,
          vaults_room_pool, v_misc_14, nicolae_vaults_tetromino_T_2,
          nicolae_vaults_big_ls, ontoclasm_vaults_decontamination, v_misc_10,
          ontoclasm_vaults_ring_small, v_misc_3, nicolae_vaults_trapezoid_1,
          vaults_room_hallway, layout_vaults_omnicross
Vaults:4: nicolae_vaults_arrows, nicolae_vaults_little_ls,
          nicolae_vaults_trapezoid_4, grunt_vaults_focal,
          ontoclasm_vaults_bender, nicolae_vaults_security_offices_3,
          vaults_room_corners, nicolae_vaults_house_3, vaults_dpeg_hooks,
          vaults_room_octagon, hangedman_vaults_trim,
          vaults_standard_mumra_lines, nicolae_vaults_surprise_closet,
          vaults_mumra_hexcomb, layout_vaults_omnibox, serial_shops,
          bzr_entry_road
Crypt:1:  layout_chaotic_city
Crypt:2:  layout_misc_corridors, nicolae_crypt_niches
Crypt:3:  grunt_crypt_end_deaths_head
Depths:1: layout_basic, enter_ziggurat_d, lemuel_statue_altar, hell_entry,
          special_room [special_room_mythical_zoo],
          nicolae_houndstooth_variations, uniq_enchantress
Depths:2: nzn_winding_woodlands_large [nzn_winding_woodlands_5x5_open_star,
          nzn_winding_woodlands_5x15_twine,
          nzn_winding_woodlands_5x5_checkerboard,
          nzn_winding_woodlands_center_triple_pond,
          nzn_winding_woodlands_15x15_killbox,
          nzn_winding_woodlands_center_garden, nzn_winding_woodlands_5x5_three,
          nzn_winding_woodlands_5x15_lazy_stream,
          nzn_winding_woodlands_5x5_default], layout_gridville,
          yredelemnul_altar_generic, grunt_pan_entry_sceptre, hell_entry,
          nicolae_specific_store
Depths:3: grunt_twist_and_shout, layout_cave_shapes, hangedman_coc_ice_floe,
          nicolae_abyss_entry_one_way_or_another
Depths:4: evilmike_zot_entry_hall, layout_gridlike, serial_bayou_shore_b,
          hell_entry, rand_demon_pan_entry_8, abyss_entry

Skill      XL: |  1  2  3  4  5  6  7  8  9 10 11 12 13 14 15 16 17 18 19 20 21 22 23 24 25 26 |
---------------+-------------------------------------------------------------------------------+-----
Axes           | 3 4 5 6 7 8 10 12 13 14 17 18 | 18.2
Invocations    | 1 2 3 4 5 6 |  6.0
Fighting       | 4 5 7 8 10 11 13 15 16 17 19 20 21 22 | 22.8
Dodging        | 5 6 10 12 13 14 15 18 19 20 23 25 | 25.7
Shields        | 4 5 6 10 14 17 18 19 20 21 22 23 | 23.9
Stealth        | 2 3 4 |  4.3
Transmutations | 2 4 |  4.5
Translocations | 2 5 6 |  6.0
Spellcasting   | 2 4 5 |  5.6
Fire Magic     | 2 3 |  3.6

Action                     |  1- 3 |  4- 6 |  7- 9 | 10-12 | 13-15 | 16-18 | 19-21 | 22-24 | 25-27 || total
---------------------------+-------+-------+-------+-------+-------+-------+-------+-------+-------++-------
  Melee: War axe           |    14 |       |       |       |   122 |     3 |       |       |       ||   139
         Constrict         |    11 |    26 |    59 |    58 |   110 |   126 |   155 |   208 |   148 ||   901
         Tentacles         |    10 |    25 |    65 |   185 |   228 |   343 |   262 |   490 |   417 ||  2025
         Hand axe          |    30 |   113 |   232 |   658 |    19 |       |       |       |       ||  1052
         Punch             |       |       |     3 |    23 |    25 |    40 |    28 |    53 |    30 ||   202
         Broad axe         |       |       |       |       |   686 |  1029 |   760 |  1317 |  1053 ||  4845
  Throw: Dart              |       |     3 |    14 |    49 |     8 |     6 |    19 |    24 |     6 ||   129
         Javelin           |       |       |       |    44 |    17 |     5 |       |       |       ||    66
         Throwing net      |       |       |       |     3 |       |       |     1 |       |       ||     4
         Boomerang         |       |       |       |     3 |       |       |       |       |       ||     3
 Invoke: Heroism           |       |       |     4 |     7 |    26 |    41 |    25 |    32 |    14 ||   149
         Finesse           |       |       |       |     2 |     9 |     8 |    11 |     8 |     2 ||    40
         Receive Weapon    |       |       |       |       |     1 |       |       |       |       ||     1
         Receive Armour    |       |       |       |       |     1 |       |       |       |       ||     1
  Evoke: Wand              |       |       |     5 |    13 |     7 |    16 |     7 |       |       ||    48
    Use: Potion            |       |     5 |       |     2 |    10 |     3 |     6 |     5 |     3 ||    34
         Scroll            |       |       |       |    11 |    21 |    12 |    10 |     6 |     2 ||    62
   Stab: Sleeping          |     4 |     7 |     7 |     5 |     8 |    22 |    17 |    35 |    13 ||   118
         Distracted        |       |       |     1 |     3 |     3 |     5 |     6 |     6 |     2 ||    26
         Held in net/web   |       |       |       |     1 |       |       |       |       |       ||     1
         Petrifying        |       |       |       |       |     1 |       |       |       |       ||     1
 Armour: Skin              |    17 |    53 |    92 |   213 |   246 |   339 |   203 |   310 |   233 ||  1706
  Dodge: Dodged            |    20 |    56 |    86 |   267 |   487 |   511 |   262 |   410 |   360 ||  2459
  Block: Buckler           |    12 |    17 |    39 |   117 |   178 |       |       |       |       ||   363
         Kite shield       |       |       |       |       |    85 |   802 |   632 |   921 |   902 ||  3342
         Reflection        |       |       |       |       |       |    19 |    48 |    51 |     9 ||   127

Table legend: (Time is in decaauts)
 A = Elapsed time spent in this place.
 B = Non-inter-level travel time spent in this place.
 C = Inter-level travel time spent in this place.
 D = Time resting spent in this place.
 E = Time spent auto-exploring this place.
 F = Levels seen in this place.
 G = Mean time per level.
                   A        B        C        D        E       F      G
               +--------+--------+--------+--------+--------+-----+--------+
         Total |  86651 |  79343 |   7308 |  30415 |  32082 |  52 | 1666.4 |
       Dungeon |  20896 |  17922 |   2974 |   5207 |   8556 |  15 | 1393.1 |
          Lair |   9378 |   8028 |   1350 |   2684 |   4032 |   5 | 1875.6 |
        Shoals |  10214 |   9715 |    499 |   5501 |   2293 |   4 | 2553.5 |
     Snake Pit |   9532 |   9146 |    386 |   4189 |   3397 |   4 | 2383.0 |
    Slime Pits |   3204 |   3042 |    162 |   1286 |   1203 |   5 |  640.8 |
  Orcish Mines |   1953 |   1745 |    208 |    306 |    954 |   2 |  976.5 |
   Elven Halls |   6401 |   6159 |    242 |   2331 |   2226 |   3 | 2133.7 |
        Vaults |   9705 |   8702 |   1003 |   3517 |   3694 |   4 | 2426.2 |
         Crypt |   4951 |   4771 |    180 |   1590 |   2163 |   3 | 1650.3 |
        Depths |   8418 |   8118 |    300 |   3240 |   3299 |   4 | 2104.5 |
        Bazaar |    288 |    288 |      0 |    177 |     37 |   1 |  288.0 |
      Ice Cave |    176 |    176 |      0 |     61 |     27 |   1 |  176.0 |
    Desolation |   1528 |   1528 |      0 |    321 |    200 |   1 | 1528.0 |
               +--------+--------+--------+--------+--------+-----+--------+

Top non-repeatable levels by time:
 Snake:4: 5290 daAuts
Shoals:3: 4144 daAuts
Vaults:2: 3577 daAuts
   Elf:3: 3549 daAuts
Depths:2: 3418 daAuts
Shoals:1: 2607 daAuts
  Lair:1: 2493 daAuts
Vaults:1: 2242 daAuts
  Lair:4: 2186 daAuts
    D:11: 2186 daAuts
 Crypt:1: 2161 daAuts
Depths:4: 2094 daAuts
Vaults:3: 2024 daAuts
Shoals:4: 2003 daAuts
    D:10: 1924 daAuts
